 Dungeon Crawl Stone Soup version 0.28.0-53-g5a82cb258f (webtiles) character file.

Game seed: 10979019957911107108

97 Holzbalken the Chopper (level 4, -9/33 HPs)
             Began as a Demonspawn Gladiator on June 1, 2022.
             Mangled by Sigmund
             ... wielding a +0 scythe
              (11 damage)
             ... on level 2 of the Dungeon.
             The game lasted 00:03:29 (2179 turns).

Holzbalken the Chopper (Demonspawn Gladiator)       Turns: 2179, Time: 00:03:30

Health: -9/33      AC:  9    Str: 17    XL:     4   Next: 42%
Magic:  4/4        EV:  7    Int:  9    God:
Gold:   64         SH:  0    Dex: 14    Spells: 3/3 levels left

rFire   . . .      SeeInvis .   a - +0 war axe
rCold   . . .      Faith    .   (no shield)
rNeg    . . .      Spirit   .   h - +0 chain mail
rPois   .          Reflect  .   c - +0 helmet
rElec   .          Harm     .   (no cloak)
rCorr   .          Rampage  .   (no gloves)
Will    .....                   (no boots)
Stlth   ..........              (no amulet)
HPRegen 0.11/turn               (no ring)
MPRegen 0.09/turn               (no ring)

@: no status effects
A: claws 1, condensation shield
a: no special abilities


You were on level 2 of the Dungeon.
You visited 1 branch of the dungeon, and saw 2 of its levels.

You collected 64 gold pieces.

Inventory:

Hand Weapons
 a - a +0 war axe (weapon)
Missiles
 d - 3 throwing nets (quivered)
Armour
 b - a +0 leather armour
 c - a +0 helmet (worn)
 h - a +0 chain mail (worn)
Scrolls
 e - a scroll of enchant armour {unknown}
 f - a scroll of identify {unknown}
 g - 4 scrolls of immolation {unknown}
 i - a scroll of summoning {unknown}
 j - a scroll of noise {unknown}
Potions
 k - a potion of curing {unknown}


   Skills:
 - Level 2.0 Fighting
 + Level 4.8 Axes
 - Level 1.7 Throwing
 - Level 2.6 Dodging


You had 3 spell levels left.
You didn't know any spells.
Your spell library was empty.

Dungeon Overview and Level Annotations

Branches:
Dungeon (2/15)

Altars:

Annotations:
D:2 Sigmund


Innate Abilities, Weirdness & Mutations

You have sharp fingernails.
A meltable shield of frost defends you. (SH +0)


Message History

The ball python closely misses you. The ball python grabs you.
The ball python constricts you.
You escape the ball python's grasp.
The ball python closely misses you. The ball python grabs you.
The ball python constricts you.
You completely miss the ball python.
The ball python bites you but does no damage.
The ball python constricts you.
You closely miss the ball python.
The ball python bites you but does no damage.
The ball python constricts you.
The ball python bites you but does no damage.
The ball python constricts you.
You escape the ball python's grasp.
The ball python closely misses you. The ball python grabs you.
The ball python constricts you. Something hits you!
The ball python bites you but does no damage.
The ball python constricts you.
You hit the ball python.
The ball python is severely wounded.
The ball python bites you but does no damage.
The ball python constricts you. Something hits you.
You hit the ball python.
You kill the ball python!
Something hits you!
You barely miss something. Something hits you but does no damage.
You hit something but do no damage.
You hear some strange, mumbled words.
A puff of flame appears from out of thin air!
The puff of flame hits you.
Your condensation shield dissipates!
* * * LOW HITPOINT WARNING * * *
You closely miss something.
You hear some strange, mumbled words.
A magic dart appears from out of thin air!
The magic dart hits you.
* * * LOW HITPOINT WARNING * * *
You barely miss something. Something hits you but does no damage.
You closely miss something. Something hits you!
You die...

## #.# .. #.# .# .. ... #
#######.##.### #.##.K.......
# #.............
#.##......... #
#......(......##.##.........
#
#.............##.##.........
#
..............##.##.........
# .............
##@##......... #
.###.##.##.# #.{...........
.#.........# #.............
.######.##### #.............
............# #.............
..#####.###.# #.............
.....(....# ##.###########
#..####.#.# #.# ##.###....#
#.# ######


There were no monsters in sight!

Vanquished Creatures
  Terence (D:2)
  4 gnolls (D:2)
  A dart slug (D:2)
  An endoplasm (D:1)
  A giant cockroach (D:1)
  4 goblins (D:1)
  6 hobgoblins
  4 kobolds
  A quokka (D:1)
  4 ball pythons
  A bat (D:1)
  A frilled lizard (D:1)
  2 rats (D:1)
31 creatures vanquished.

Notes
Turn   | Place    | Note
-------+----------+-------------------------------------------
     0 | D:1      | Holzbalken the Demonspawn Gladiator began the quest for the
                  | Orb.
     0 | D:1      | Reached XP level 1. HP: 16/16 MP: 1/1
    32 | D:1      | Reached skill level 3 in Axes
    96 | D:1      | Discovered your monstrous ancestry.
    96 | D:1      | Gained mutation: You have sharp fingernails. [demonic
                  | ancestry]
    96 | D:1      | Reached XP level 2. HP: 7/22 MP: 2/2
   601 | D:1      | Found a faded altar of an unknown god.
  1158 | D:2      | Noticed Terence
  1169 | D:2      | Killed Terence
  1170 | D:2      | Reached skill level 4 in Axes
  1170 | D:2      | Gained mutation: A meltable shield of frost defends you.
                  | (SH +0) [demonic ancestry]
  1170 | D:2      | Reached XP level 3. HP: 9/27 MP: 3/3
  1423 | D:2      | Reached XP level 4. HP: 7/33 MP: 4/4
  1424 | D:2      | HP: 1/33 [gnoll/+0 spear (1)]
  2160 | D:2      | Noticed Sigmund
  2177 | D:2      | HP: 1/33 [something/magic dart (6)]
  2179 | D:2      | Mangled by Sigmund

Illustrated notes

Levels and vault maps discovered:
D:1:      noname_arrival_rooms_in_the_neighbourhood, layout_basic,
          chequers_ecumenical_altar_grove
D:2:      layout_basic, uniq_jessica, uniq_terence, uniq_sigmund

Skill      XL: |  1  2 |
---------------+-------+-----
Axes           | 3 4 |  4.8
Fighting       | |  2.0
Throwing       | |  1.7
Dodging        | |  2.6

Action                   |  1- 3 |  4- 6 || total
-------------------------+-------+-------++-------
Melee: War axe           |    66 |    21 ||    87
Armor: Leather armour    |    12 |       ||    12
       Chain mail        |    18 |    11 ||    29
Dodge: Dodged            |    41 |     9 ||    50
Block: Other             |     3 |       ||     3
